 Dungeon Crawl Stone Soup version 0.31-a0-202-g547052bce9 (webtiles) character file.

Game seed: 10974869641805270881

3709 Datul the Fighter (level 9, -1/83 HPs)
             Began as a Grey Draconian Air Elementalist on June 26, 2023.
             Was an Initiate of Gozag.
             Slain by a wyvern (2 damage)
             ... on level 8 of the Dungeon.
             The game lasted 00:27:29 (8652 turns).

Datul the Fighter (Grey Draconian Air Elementalist) Turns: 8652, Time: 00:27:30

Health: -1/83      AC: 15    Str: 10    XL:     9   Next: 91%
Magic:  13/21      EV: 12    Int: 19    God:    Gozag
Gold:   737        SH:  0    Dex: 19    Spells: 17/24 levels left

rFire   . . .        k - +4 dagger (venom)
rCold   . . .        (no shield)
rNeg    . . .        (body armour unavailable)
rPois   .            (helmet restricted)
rElec   .            m - +1 cloak
rCorr   .            w - +0 pair of gloves
SInv    .            (no boots)
Will    .....        (no amulet)
Stlth   ++           f - ring of flight
HPRegen 0.33/turn    p - +6 ring of dexterity
MPRegen 0.17/turn

%: no passive effects
@: flying
A: AC +12, amphibious, unfitting armour, cold-blooded
a: Renounce Religion, Potion Petition, Call Merchant, Bribe Branch


You were on level 8 of the Dungeon.
You worshipped Gozag.
Gozag was pleased with you.
You visited 2 branches of the dungeon, and saw 9 of its levels.

You collected 763 gold pieces.
You paid 26 gold pieces to Gozag.

Inventory:

Hand Weapons
 k - a +4 dagger of venom (weapon)
 n - a +0 short sword of holy wrath
 G - a +0 whip of electrocution
Missiles
 s - 14 poisoned darts
Armour
 m - a +1 cloak (worn)
 w - a +0 pair of gloves (worn)
Jewellery
 e - a ring of fire
 f - a ring of flight (left hand)
 p - a +6 ring of dexterity (right hand)
Wands
 y - a wand of mindburst (28)
 F - a wand of acid (17)
Scrolls
 b - 2 scrolls of enchant armour {unknown}
 c - 2 scrolls of amnesia {unknown}
 g - 2 scrolls of fear {unknown}
 i - 3 scrolls of teleportation {unknown}
 j - 8 scrolls of identify {unknown}
 o - 4 scrolls of noise {unknown}
 r - a scroll of blinking
 t - a scroll of immolation {unknown}
 x - a scroll of summoning {unknown}
 A - 2 scrolls of revelation {unknown}
 B - a scroll of vulnerability {unknown}
 C - 3 scrolls of enchant weapon {unknown}
 D - a scroll of fog {unknown}
Potions
 a - a potion of magic
 d - 4 potions of curing
 h - a potion of degeneration {unknown}
 l - 2 potions of ambrosia {unknown}
 q - 2 potions of enlightenment {unknown}
 u - 2 potions of heal wounds {unknown}
 v - a potion of berserk rage {unknown}
 z - 2 potions of might {unknown}
 E - a potion of attraction {unknown}


   Skills:
 + Level 9.3 Fighting
 - Level 1.7 Dodging
 - Level 1.7 Stealth
 + Level 8.1 Spellcasting
 - Level 1.0 Conjurations
 - Level 6.7 Air Magic


You had 17 spell levels left.
You knew the following spells:

 Your Spells              Type           Power      Damage    Failure   Level
a - Shock                 Conj/Air       88%        1d8       1%          1
b - Static Discharge      Conj/Air       44%        2-4/arc   2%          2
c - Airstrike             Air            16%        2d(3-19)  5%          4

Your spell library contained the following spells:

 Spells                   Type           Power      Damage    Failure   Level
 Swiftness                Air            33%        N/A       1%          3
 Ensorcelled Hibernation  Hex/Ice        14%        N/A       14%         2
 Passwall                 Tmut/Erth      5%         N/A       14%         2


Dungeon Overview and Level Annotations

Branches:
Dungeon (8/15) Zot: 26755  Temple (1/1) D:4 Zot: 5893
   Lair: D:8-11

Altars:
Ashenzari
Cheibriados
Dithmenos
Elyvilon
Fedhas
Gozag
Hepliaklqana
Kikubaaqudgha
Makhleb
Nemelex Xobeh
Okawaru
Qazlal
Sif Muna
Uskayaw
Vehumet
Wu Jian
Xom
Yredelemnul
Zin
The Shining One

Annotations:
D:2 Terence
D:3 1 runed translucent door, Dylgear's ghost, amateur FoFi
D:4 Sigmund
D:5 Edmund
D:6 2 transporters, rabbitsville's ghost, novice HOFi


Innate Abilities, Weirdness & Mutations

Your dull iron-grey scales are very hard. (AC +12)
You are amphibious.
You cannot fit into any form of body armour.
You are cold-blooded and may be slowed by cold attacks.


Message History

You are struck by an arc of lightning.
The wyvern is struck by an arc of lightning.
The wyvern is heavily wounded.
You are struck by an arc of lightning.
The lightning grounds out.
The wyvern is struck by an arc of lightning.
The wyvern is severely wounded.
You are struck by an arc of lightning.
The wyvern is struck by an arc of lightning.
The wyvern is severely wounded.
You are struck by an arc of lightning.
* * * LOW HITPOINT WARNING * * *
The lightning grounds out.
The wyvern bites you but does no damage.
The ice beast hits you.
* * * LOW HITPOINT WARNING * * *
The ice beast freezes you!
* * * LOW HITPOINT WARNING * * *
You take 23 damage, and have 20/83 hp.
MASSIVE DAMAGE!!
You now have 15/21 mp.
Casting: Static Discharge (safe; 2% risk of failure)
Confirm with . or Enter, or press ? or * to list all spells.
The ice beast is struck by an arc of lightning.
The ice beast is heavily wounded.
You are struck by an arc of lightning.
* * * LOW HITPOINT WARNING * * *
The wyvern is struck by an arc of lightning.
The wyvern is almost dead.
The lightning grounds out.
The wyvern is struck by an arc of lightning.
The wyvern is almost dead.
You are struck by an arc of lightning.
* * * LOW HITPOINT WARNING * * *
The ice beast is struck by an arc of lightning.
The ice beast is heavily wounded.
You are struck by an arc of lightning.
* * * LOW HITPOINT WARNING * * *
The lightning grounds out.
The wyvern bites you!
* * * LOW HITPOINT WARNING * * *
The wyvern bites you.
You die...
Your body crumbles into a pile of gold.

..# P~♣♣ ♣.♣ ..#♣~P
♣.♣ ..#~♣♣ ♣.♣ (.#♣
♣)♣♣♣♣♣♣♣♣♣♣♣.♣ ..#
♣.............♣ #.#
♣♣♣♣♣♣♣.♣♣♣♣♣♣♣ #.#
#.# ## #.# ♣l♣ ..♣
#.# ♣@♣ .Y♣ #.# ♣Y♣
..♣ #.#
####♣..♣♣♣♣.♣.?♣♣.♣
..#
#..#.............♣
###
#.#########.######
$ #.# ... #.# K..##
#.# ###.. #.# ###


You could see a wyvern (poisoned) and an ice beast.

Vanquished Creatures
  Pikel (D:7)
  Joseph (D:7)
  A hornet (D:8)
  Grinder (D:5)
  2 steam dragons
  Duvessa (D:5)
  An acid dragon (D:8)
  A sky beast (D:7)
  3 black bears
  4 lemures (D:7)
  3 phantoms
  A kobold brigand (D:6)
  4 bullfrogs
  6 scorpions
  Dowan (D:5)
  A howler monkey (D:6)
  3 hounds
  3 orc priests (D:5)
  A jelly (D:4)
  A gnoll bouda (D:3)
  A sleepcap (D:6)
  6 iguanas
  2 orc wizards
  6 adders
  7 gnolls (D:4)
  3 white imps
  An ufetubus (D:6)
  2 worms (D:2)
  2 dart slugs
  11 orcs
  10 endoplasms
  4 giant cockroaches
  12 goblins
  9 hobgoblins
  4 jackals (D:3)
  2 quokkas
  5 ball pythons
  5 bats
  4 frilled lizards
  12 kobolds
  11 rats
159 creatures vanquished.

Notes
Turn   | Place    | Note
-------+----------+-------------------------------------------
     0 | D:1      | Datul the Draconian Air Elementalist began the quest for
                  | the Orb.
     0 | D:1      | Reached XP level 1. HP: 14/14 MP: 3/3
   251 | D:1      | Reached XP level 2. HP: 20/20 MP: 3/5
   446 | D:1      | Learned a level 2 spell: Static Discharge
  1070 | D:1      | Reached XP level 3. HP: 26/26 MP: 4/6
  1843 | D:2      | Noticed Terence
  2197 | D:2      | Reached XP level 4. HP: 29/33 MP: 0/7
  2337 | D:2      | Reached skill level 5 in Air Magic
  2479 | D:3      | Noticed a bullfrog
  2479 | D:3      | Found a runed translucent door.
  2481 | D:3      | Noticed Dylgear's ghost (amateur FoFi)
  2490 | D:3      | Found a burning altar of Makhleb.
  2972 | D:3      | Found a blossoming altar of Fedhas.
  3592 | D:4      | Reached XP level 5. HP: 38/38 MP: 3/8
  3641 | D:4      | Learned a level 4 spell: Airstrike
  3737 | D:4      | Noticed Sigmund
  3779 | D:4      | Found a staircase to the Ecumenical Temple.
  3812 | Temple   | Entered the Ecumenical Temple
  3833 | Temple   | Became a worshipper of Gozag Ym Sagoz the Greedy
  3943 | D:4      | Noticed a phantom
  4213 | D:4      | Killed a phantom
  4214 | D:4      | Reached XP level 6. HP: 45/45 MP: 0/9
  4675 | D:5      | Entered Level 5 of the Dungeon
  4774 | D:5      | Your scales start taking on a dull iron-grey colour.
  4774 | D:5      | Reached XP level 7. HP: 50/50 MP: 2/10
  4967 | D:5      | Noticed Duvessa
  4972 | D:5      | Noticed Dowan
  4984 | D:5      | Killed Duvessa
  4985 | D:5      | Reached skill level 1 in Fighting
  4990 | D:5      | Killed Dowan
  4991 | D:5      | Reached skill level 2 in Fighting
  5166 | D:5      | Reached skill level 3 in Fighting
  5404 | D:5      | Noticed Grinder
  5413 | D:5      | Killed Grinder
  5414 | D:5      | Reached skill level 4 in Fighting
  5414 | D:5      | Reached XP level 8. HP: 65/66 MP: 5/14
  5414 | D:5      | Found a hazy altar of Hepliaklqana.
  5415 | D:5      | Noticed Edmund
  6188 | D:6      | Reached skill level 5 in Fighting
  6199 | D:6      | Reached skill level 5 in Spellcasting
  6310 | D:6      | Found a transporter.
  6313 | D:6      | Noticed rabbitsville's ghost (novice HOFi)
  6314 | D:6      | Found a transporter.
  6445 | D:6      | Reached skill level 6 in Fighting
  6757 | D:6      | Reached XP level 9. HP: 60/78 MP: 18/18
  7079 | D:7      | Reached skill level 7 in Fighting
  7221 | D:7      | Noticed Joseph
  7972 | D:7      | Noticed Pikel
  7990 | D:7      | Killed Pikel
  7991 | D:7      | Reached skill level 8 in Fighting
  8249 | D:7      | Killed Joseph
  8316 | D:7      | Found a radiant altar of Vehumet.
  8529 | D:8      | Reached skill level 9 in Fighting
  8652 | D:8      | HP: 1/83 [wyvern (12)]
  8652 | D:8      | Slain by a wyvern

Illustrated notes

Levels and vault maps discovered:
D:1:      spicycebolla_green_bress_n_ham_2, layout_basic
D:2:      layout_basic, small_statue_intersection, uniq_terence
D:3:      layout_loops_cross, nicolae_overflow_hidden_temple, bloody_makhleb,
          ebering_ghost_sewer_d
D:4:      layout_rooms, minmay_temple_entry_purple_smoke, moated_statue,
          kennysheep_generic_room_10, uniq_sigmund
D:5:      layout_basic, mainiacjoe_overflow_small_starburst, nrook_uturn,
          nicolae_concentric_dashed_squares_mild, skrybe_limestone_x,
          chequers_arboretum, uniq_grinder, uniq_duvessa, uniq_edmund
D:6:      layout_basic, gammafunk_ghost_arena
D:7:      layout_layer_cave, mainiacjoe_overflow_brackets, uniq_joseph,
          uniq_pikel
D:8:      nzn_winding_woodlands_cross [nzn_winding_woodlands_5x15_zeroes,
          nzn_winding_woodlands_5x15_twine,
          nzn_winding_woodlands_5x15_lazy_stream,
          nzn_winding_woodlands_5x15_pockets,
          nzn_winding_woodlands_15x15_boxy_spiral], layout_loops_ring,
          lemuel_tele_altar, serial_shops, shop
Temple:   lightli_temple_of_artemis

Skill      XL: |  1  2  3  4  5  6  7  8  9 |
---------------+----------------------------+-----
Air Magic      | 4 5 7 6 |  6.7
Fighting       | 4 6 9 |  9.3
Spellcasting   | 4 6 8 |  8.1
Dodging        | |  1.7
Stealth        | |  1.7
Conjurations   | |  1.0

Action                     |  1- 3 |  4- 6 |  7- 9 || total
---------------------------+-------+-------+-------++-------
  Melee: Unarmed           |    12 |       |       ||    12
         Tailslap          |     4 |     5 |    32 ||    41
         Dagger            |     8 |    38 |   188 ||   234
         Punch             |     1 |       |     2 ||     3
   Cast: Shock             |   118 |   101 |    91 ||   310
         Airstrike         |       |     4 |    13 ||    17
         Static Discharge  |       |     4 |    14 ||    18
  Evoke: Wand              |       |       |     4 ||     4
    Use: Potion            |       |     1 |       ||     1
         Scroll            |       |       |     1 ||     1
   Stab: Sleeping          |       |       |     1 ||     1
         Distracted        |       |       |     1 ||     1
 Armour: Skin              |     4 |    15 |   101 ||   120
  Dodge: Dodged            |    31 |    30 |    98 ||   159

Table legend: (Time is in decaauts)
 A = Elapsed time spent in this place.
 B = Non-inter-level travel time spent in this place.
 C = Inter-level travel time spent in this place.
 D = Time resting spent in this place.
 E = Time spent auto-exploring this place.
 F = Levels seen in this place.
 G = Mean time per level.
                   A        B        C        D        E       F      G
               +--------+--------+--------+--------+--------+-----+--------+
         Total |   8661 |   8346 |    315 |   2640 |   4226 |   9 |  962.3 |
       Dungeon |   8554 |   8246 |    308 |   2640 |   4149 |   8 | 1069.2 |
        Temple |    106 |     99 |      7 |      0 |     77 |   1 |  106.0 |
               +--------+--------+--------+--------+--------+-----+--------+

Top non-repeatable levels by time:
     D:5: 1416 daAuts
     D:7: 1372 daAuts
     D:1: 1361 daAuts
     D:4: 1146 daAuts
     D:2: 1116 daAuts
     D:3: 1024 daAuts
     D:6: 872 daAuts
     D:8: 243 daAuts
  Temple: 106 daAuts
